 Dungeon Crawl Stone Soup version 0.29-a0-577-gafbf2c5d25 (webtiles) character file.

Game seed: 18005545165853563727

12 Heh the Poker (level 2, -5/27 HPs)
             Began as a Minotaur Monk on June 13, 2022.
             Slain by Terence
             ... wielding a +0 short sword
              (7 damage)
             ... on level 2 of the Dungeon.
             The game lasted 00:00:43 (963 turns).

Heh the Poker (Minotaur Monk)                        Turns: 963, Time: 00:00:43

Health: -5/27      AC:  3    Str: 15    XL:     2   Next: 20%
Magic:  1/1        EV:  9    Int:  7    God:
Gold:   11         SH:  0    Dex: 12    Spells: 1/1 levels left

rFire   . . .      SeeInvis .   a - +0 spear
rCold   . . .      Faith    .   (no shield)
rNeg    . . .      Spirit   .   k - +0 leather armour
rPois   .          Reflect  .   (helmet restricted)
rElec   .          Harm     .   (no cloak)
rCorr   .          Rampage  .   (no gloves)
Will    .....                   (no boots)
Stlth   +.........              (no amulet)
HPRegen 0.09/turn               (no ring)
MPRegen 0.07/turn               (no ring)

@: constricted
A: horns 2, retaliatory headbutt
a: no special abilities


You were on level 2 of the Dungeon.
You visited 1 branch of the dungeon, and saw 2 of its levels.

You collected 11 gold pieces.

Inventory:

Hand Weapons
 a - a +0 spear (weapon)
Missiles
 j - 2 poisoned darts (quivered)
Armour
 b - a +0 robe
 k - a +0 leather armour (worn)
Scrolls
 i - a scroll of magic mapping {unknown}
 l - a scroll of identify {unknown}
Potions
 d - a potion of resistance {unknown}
 e - a potion of attraction {unknown}
 f - a potion of haste {unknown}
 g - a potion of lignification {unknown}
 h - a potion of curing {unknown}


   Skills:
 + Level 3.9 Fighting
 * Level 4.2 Polearms
 - Level 3.2 Dodging
 - Level 1.5 Stealth


You had one spell level left.
You didn't know any spells.
Your spell library was empty.

Dungeon Overview and Level Annotations

Branches:
Dungeon (2/15)

Altars:

Annotations:
D:2 Terence


Innate Abilities, Weirdness & Mutations

You have a pair of horns on your head.
You reflexively headbutt those who attack you in melee.


Message History

You headbutt Terence, but do no damage. You barely miss Terence.
Terence closely misses you. You furiously retaliate!
You headbutt Terence. You hit Terence but do no damage.
Terence is lightly wounded.
Terence hits you with a +0 short sword! Terence barely misses you.
You furiously retaliate!
You headbutt Terence.
The ball python bites you but does no damage.
The ball python closely misses you.
You are too injured to fight recklessly!
Unknown command.
You are confused.
You feel invigorated. Terence barely misses you.
The ball python bites you but does no damage.
The ball python closely misses you.
You hit Terence but do no damage. Your headbutt misses Terence.
Terence is moderately wounded.
Terence closely misses you. The ball python misses you.
The ball python grabs you. The ball python constricts you.
Terence hits you with a +0 short sword!
You miss Terence.
Terence is moderately wounded.
The ball python bites you but does no damage.
The ball python constricts you. Terence barely misses you.
You hit Terence but do no damage.
Terence is moderately wounded.
You feel less invigorated.
You feel less confused. Terence hits you with a +0 short sword!
The ball python bites you but does no damage.
The ball python constricts you.
You hit Terence but do no damage.
Terence is moderately wounded.
Terence hits you with a +0 short sword!
* * * LOW HITPOINT WARNING * * *
The ball python bites you but does no damage.
The ball python constricts you.
* * * LOW HITPOINT WARNING * * *
Terence hits you with a +0 short sword!
You die...

# # #(#.####..#
#.w.@@....#
=.....S.†......
....###########
#.# #


You could see Terence (berserk), a worm and a ball python.

Vanquished Creatures
  2 ball pythons
  2 bats
  2 goblins (D:1)
  A hobgoblin (D:1)
  A frilled lizard (D:2)
  3 kobolds (D:1)
  A rat (D:1)
12 creatures vanquished.

Notes
Turn   | Place    | Note
-------+----------+-------------------------------------------
     0 | D:1      | Heh the Minotaur Monk began the quest for the Orb.
     0 | D:1      | Reached XP level 1. HP: 19/19 MP: 0/0
   140 | D:1      | Reached skill level 4 in Polearms
   509 | D:1      | Reached XP level 2. HP: 6/27 MP: 1/1
   947 | D:2      | Noticed Terence
   963 | D:2      | Slain by Terence

Illustrated notes

Levels and vault maps discovered:
D:1:      psy_arrival_conway, layout_basic, kennysheep_decorative_pillar
D:2:      layout_loops_ring, uniq_terence

Skill      XL: |  1 |
---------------+----+-----
Polearms       | 4 |  4.2
Fighting       | |  3.9
Dodging        | |  3.2
Stealth        | |  1.5

Action                   || total
-------------------------++-------
Melee: Spear             ||    39
       Headbutt          ||     6
  Use: Potion            ||     1
Armor: Leather armour    ||    17
Dodge: Dodged            ||    24

Table legend: (Time is in decaauts)
 A = Elapsed time spent in this place.
 B = Non-inter-level travel time spent in this place.
 C = Inter-level travel time spent in this place.
 D = Time resting spent in this place.
 E = Time spent auto-exploring this place.
 F = Levels seen in this place.
 G = Mean time per level.
                   A        B        C        D        E       F      G
               +--------+--------+--------+--------+--------+-----+--------+
         Total |    965 |    832 |    133 |    339 |    404 |   2 |  482.5 |
       Dungeon |    965 |    832 |    133 |    339 |    404 |   2 |  482.5 |
               +--------+--------+--------+--------+--------+-----+--------+

Top non-repeatable levels by time:
     D:1: 950 daAuts
     D:2: 14 daAuts
